 Dungeon Crawl Stone Soup version 0.31.0-11-ge490571c62 (webtiles) character file.

Game seed: 184484016399151800

17 safid the Changeling (level 2, -2/23 HPs)
             Began as a Draconian Shapeshifter on Jan 31, 2024.
             Slain by a gnoll
             ... wielding a +0 spear
              (4 damage)
             ... on level 1 of the Dungeon.
             The game lasted 00:00:36 (254 turns).

safid the Changeling (Draconian Shapeshifter)        Turns: 254, Time: 00:00:36

Health: -2/23      AC:  4    Str: 16    XL:     2   Next: 44%
Magic:  2/2        EV: 12    Int: 10    God:
Gold:   38         SH:  0    Dex: 10    Spells: 1/1 levels left

rFire   . .          .
                       - Unarmed
rCold   . . .        (no shield)
rNeg    . . .        (body armour unavailable)
rPois   .            (helmet currently unavailable)
rElec   .            (cloak currently unavailable)
rCorr   .            (gloves currently unavailable)
SInv    .            (boots currently unavailable)
Will    .....        (no amulet)
Stlth   +            (no ring)
HPRegen 0.23/turn    (no ring)
MPRegen 0.08/turn

%: no passive effects
@: beast-form
A: beast (slay +1), AC +4, unfitting armour, cold-blooded
a: Begin Untransformation


You were on level 1 of the Dungeon.
You were a hulking beast.
You visited 1 branch of the dungeon, and saw 1 of its levels.

You collected 38 gold pieces.

Inventory:

Talismans
 b - a beast talisman
 c - a flux talisman
Scrolls
 d - a scroll of immolation {unknown}
Potions
 a - a potion of lignification


   Skills:
 + Level 1.4 Fighting
 + Level 1.9 Dodging
 + Level 3.3 Unarmed Combat
 + Level 3.3 Shapeshifting


You had one spell level left.
You didn't know any spells.
Your spell library was empty.

Dungeon Overview and Level Annotations

Branches:
Dungeon (1/15)

Altars:


Innate Abilities, Weirdness & Mutations

You are a hulking beast.
Your limbs bulge with bestial killing power. (Slay +1)
Your plain brown scales are hard. (AC +4)
You cannot fit into any form of body armour.
You are cold-blooded and may be slowed by cold attacks.


Message History

You hit the endoplasm.
You kill the endoplasm!
The giant cockroach misses you.
You barely miss the giant cockroach.
You tail-slap the giant cockroach, but do no damage.
The giant cockroach bites you but does no damage.
The gnoll barely misses you.
You hit the giant cockroach but do no damage.
The giant cockroach closely misses you.
The gnoll hits you from afar with a +0 spear.
You closely miss the giant cockroach. The giant cockroach barely misses you.
You closely miss the giant cockroach.
Your tail-slap misses the giant cockroach.
The gnoll hits you from afar with a +0 spear!
The giant cockroach completely misses you.
You punch the giant cockroach!
You kill the giant cockroach!
The gnoll hits you from afar with a +0 spear.
The gnoll hits you with a +0 spear.
You see here a ball python corpse.
You are too injured to fight recklessly!
You are too injured to fight recklessly!
You are too injured to fight recklessly!
You hit the gnoll but do no damage.
Your tail-slap misses the gnoll.
The gnoll hits you with a +0 spear.
You hit the gnoll.
Your tail-slap misses the gnoll.
The gnoll is moderately wounded.
The gnoll closely misses you.
You hit the gnoll.
The gnoll is heavily wounded.
The gnoll hits you with a +0 spear.
* * * LOW HITPOINT WARNING * * *
You closely miss the gnoll.
The gnoll is heavily wounded.
The gnoll hits you with a +0 spear.
* * * LOW HITPOINT WARNING * * *
You barely miss the gnoll.
The gnoll is heavily wounded.
The gnoll hits you with a +0 spear.
You die...

.#.... .# .. #$....
.##.### ?##$....
...!...
#..#....#.......
....#..#........
.....#.#........ .#
.....r#.........
..##....##gh.....>..
...####............
. #......#..........
..
#.................
#.
##....###..........
#.
#.........######.>.
#. ##....##### ##...
##
##....#######....###
#.
#.##.....#..).......
#.


You could see a gnoll and a rat.

Vanquished Creatures
  2 bats (D:1)
  4 endoplasms (D:1)
  2 giant cockroaches (D:1)
  A goblin (D:1)
  A quokka (D:1)
  3 ball pythons (D:1)
13 creatures vanquished.

Notes
Turn   | Place    | Note
-------+----------+-------------------------------------------
     0 | D:1      | safid the Draconian Shapeshifter began the quest for the
                  | Orb.
     0 | D:1      | Reached XP level 1. HP: 16/16 MP: 1/1
   123 | D:1      | Reached XP level 2. HP: 23/23 MP: 2/2
   254 | D:1      | Slain by a gnoll

Illustrated notes

Levels and vault maps discovered:
D:1:      orjb1_clovarrival, layout_rooms, ebering_ecumenical_altar_hall,
          minmay_circled_x

Action                     || total
---------------------------++-------
  Melee: Unarmed           ||    34
         Tailslap          ||     7
 Armour: Skin              ||    15
  Dodge: Dodged            ||    16
